 Dungeon Sprint DCSS version 0.26-a0-1021-gda264ca44c (webtiles) character file.

Game seed: 1640867466990914146

34386 sahdkjhfkaj the Fencer (level 13, -12/133 HPs)
             Began as a Deep Dwarf Fighter on Dec 9, 2020.
             Was the Champion of Makhleb.
             Mangled by an elephant (19 damage)
             ... summoned by a spriggan berserker
             ... in the Dungeon (Sprint V: "Ziggurat Sprint").
             The game lasted 00:02:30 (473 turns).

sahdkjhfkaj the Fencer (Deep Dwarf Fighter)          Turns: 473, Time: 00:02:31

Health: -12/133    AC: 31    Str: 36    XL:     13   Next: 41%
Magic:  13/13      EV: 11    Int: 10    God:    Makhleb [******]
Gold:   0          SH: 33    Dex: 12    Spells: 12/12 levels left

rFire    . . .     SeeInvis .   a - +7 Screaming Sword {vorpal, sonic wave}
rCold    . . .     Faith    .   G - +18 shield of the Gong {rElec rN+ Will+ EV-5}
rNeg     + . .     Spirit   .   F - +15 Maxwell's patent armour {-Cast -Tele rElec Will+ rCorr}
rPois    .         Reflect  .   (no helmet)
rElec    +         Harm     .   (no cloak)
rCorr    +         Rampage  .   (no gloves)
Will     +++..     NoTele   +   (no boots) Stlth ..........NoCast +
                                (no amulet)
HPRegen  0.00/turn              z - +6 ring of strength
MPRegen  0.13/turn              A - +6 ring of strength

@: non-regenerating
A: damage resistance, heal wounds, sense surroundings 2, no regeneration
a: Heal Wounds, Minor Destruction, Lesser Servant of Makhleb, Major Destruction,
Greater Servant of Makhleb, Renounce Religion


You were in the Dungeon.
You worshipped Makhleb.
Makhleb was exalted by your worship.
You visited 1 branch

Inventory:

Hand Weapons
 a - the +7 Screaming Sword (weapon) {vorpal, sonic wave}
   (You found it in the Dungeon)

   It inflicts extra damage upon your enemies.
Armour
 F - the +15 Maxwell's patent armour (worn) {-Cast -Tele rElec Will+ rCorr}
   (You found it in the Dungeon)

   It insulates you from electricity.
   It affects your willpower, your defense against some magical effects.
   It prevents spellcasting.
   It prevents most forms of teleportation.
   It provides partial protection from all sources of acid and corrosion.
 G - the +18 shield of the Gong (worn) {rElec rN+ Will+ EV-5}
   (You found it in the Dungeon)

   It affects your evasion (-5).
   It insulates you from electricity.
   It protects you from negative energy.
   It affects your willpower, your defense against some magical effects.
Jewellery
 b - an uncursed ring of see invisible
 u - an uncursed ring of flight
 v - a +6 ring of dexterity
 w - a +6 ring of dexterity
 x - a +6 ring of intelligence
 y - a +6 ring of intelligence
 z - a +6 ring of strength (left hand)
 A - a +6 ring of strength (right hand)
 H - the amulet of Descent {RegenMP SInv}
   (You took it off a vault guard in the Dungeon)

   [amulet of magic regeneration]

   It increases your magic regeneration.
   It lets you see invisible.
Wands
 B - a wand of disintegration (7)
 C - a wand of iceblast (7)
 D - a wand of acid (7)
Scrolls
 j - 4 scrolls of blinking
 o - 4 scrolls of amnesia
 p - 7 scrolls of fog
 q - a scroll of holy word
 r - 5 scrolls of identify
 s - 5 scrolls of remove curse
 t - 2 scrolls of fear
Potions
 d - 5 potions of might
 e - 10 potions of curing
 f - 9 potions of heal wounds
 g - 5 potions of haste
 h - 7 potions of magic
 i - 3 potions of berserk rage
 k - 2 potions of brilliance
 l - a potion of invisibility
 m - 3 potions of resistance
Miscellaneous
 c - a condenser vane
 n - a tin of tremorstones (2/2)
 E - a lightning rod (4/4)


   Skills:
 + Level 13.1 Fighting
 * Level 18.7 Long Blades
 - Level 2.1 Axes
 + Level 15.3 Armour
 + Level 15.0 Dodging
 - Level 15.0 Shields
 + Level 17.1 Evocations


You had 12 spell levels left.
You didn't know any spells.
Your spell library was empty.

Dungeon Overview and Level Annotations

Branches:
Dungeon (1/1)

Altars:
Ashenzari
Cheibriados
Dithmenos
Elyvilon
Fedhas
Gozag
Hepliaklqana
Kikubaaqudgha
Makhleb
Nemelex Xobeh
Okawaru
Qazlal
Ru
Sif Muna
Trog
Uskayaw
Vehumet
Wu Jian
Xom
Yredelemnul
Zin
The Shining One
Beogh
Jiyva
Lugonu

Annotations:
D 1 transporter


Innate Abilities, Weirdness & Mutations

You are resistant to damage.
You can heal yourself by infusing magical energy.
You passively map the area around you.
You do not regenerate.


Message History

* * * LOW HITPOINT WARNING * * *
The spriggan berserker draws strength from your wounds!
The cane toad is engulfed in calcifying dust.
You block the seven-headed hydra's attack.
PANG!
You block the seven-headed hydra's attack.
SHROANNG!
The seven-headed hydra barely misses you.
You block the seven-headed hydra's attack.
GONNNNG!
You block the seven-headed hydra's attack.
PTOANNNG!
The seven-headed hydra bites you but does no damage.
The seven-headed hydra closely misses you.
The polar bear closely misses you. The polar bear barely misses you.
The polar bear claws you but does no damage.
The catoblepas gores you but does no damage.
The elephant is engulfed in calcifying dust.
The elephant is moving more slowly.
The elephant tramples you!!
You die... 8

,
,▓....8©8....▓▓.8©8.▓.8©
, ,
▓...=)"=:[..▓▓.[.).▓.):
,,
,▓..[[))?}).§▓▓..[..▓..)
,,
,▓.........§.▓▓..)..▓.).
, ,
▓........§..▓▓...†.▓.).
, ,
,▓.....h.§...▓▓.....▓...
, ,
▓....SlF....▓▓..©..▓..©
,,
,▓...YDYiY...▓▓▓▓▓▓▓▓▓▓▓
,, ,
▓..▓.Y@hF▓..▓..8©8...▓.
*
▓....S......▓..}|)...▓.
,
▓.....©.....▓...=....▓.
▓▓▓▓▓▓▓▓▓▓▓▓▓........▓.
,
▓....8©8....▓........▓.
*
▓..)=:).:[..▓.▓....▓.▓.
,
,▓...=)|:):..▓...©....▓.
, ,
,▓...........▓▓▓▓▓▓▓▓▓▓▓
,
▓.....).†(..▓...8©8...▓


You could see a catoblepas, a seven-headed hydra, 3 elephants, a spriggan
berserker (berserk, regenerating, strong-willed), 2 polar bears, a komodo
dragon, 2 cane toads and 2 water moccasins.

Vanquished Creatures
  A shadow dragon (D)
  A frost giant (D)
  An orc warlord (D)
  A deep elf elementalist (D)
  2 stone giants (D)
  An ettin (D)
  A yaktaur captain (D)
  A blizzard demon (D)
  An ice dragon (D)
  15 vault guards (D)
  An ogre mage (D)
  A spriggan berserker (D)
  A spriggan druid (D)
  2 deep elf archers (D)
  An orc knight (D)
  A deep elf mage (D)
  5 cyclopes (D)
  2 orc sorcerers (D)
  An ugly thing (D)
  2 cane toads (D)
  5 rime drakes (D)
  A komodo dragon (D)
  A freezing wraith (D)
  3 yaktaurs (D)
  2 polar bears (D)
  3 merfolk (D)
  2 trolls (D)
  A blink frog (D)
  3 tarantellas (D)
  An air elemental (D)
  A wyvern (D)
  A yak (D)
  3 basilisks (D)
  4 steam dragons (D)
  An acid dragon (D)
  A water moccasin (shapeshifter) (D)
  2 water moccasins (D)
  A swamp drake (shapeshifter) (D)
  2 ice beasts (D)
  3 ogres (D)
  A wolf (D)
  2 centaurs (D)
  A bullfrog (D)
  An earth elemental (D)
  A scorpion (shapeshifter) (D)
  2 scorpions (D)
  A crimson imp (D)
  An orc priest (D)
  An iron imp (D)
  2 river rats (D)
  A shadow imp (D)
  2 white imps (D)
  An ufetubus (D)
  2 orcs (D)
102 creatures vanquished.

Vanquished Creatures (others)
  A rime drake (D)
1 creature vanquished.

Grand Total: 103 creatures vanquished

Notes
Turn   | Place    | Note
-------+----------+-------------------------------------------
     0 | D        | sahdkjhfkaj the Deep Dwarf Fighter began the quest for the
                  | Orb.
     0 | D        | Reached XP level 1. HP: 20/20 MP: 1/1
     0 | D        | Found a shimmering blue altar of Sif Muna.
     0 | D        | Found a sacrificial altar of Ru.
     0 | D        | Found a bloodstained altar of Trog.
     0 | D        | Found a stormy altar of Qazlal.
     0 | D        | Found an iron altar of Okawaru.
     0 | D        | Found a sparkling altar of Nemelex Xobeh.
     0 | D        | Found a blossoming altar of Fedhas.
     1 | D        | Found the +6 Majin-Bo {vamp, MP+6 Int+6}
     1 | D        | Found the +9 heavy crossbow "Sniper" {vorpal, Acc+∞ SInv}
     1 | D        | Found the +10 dark maul {vorpal}
     1 | D        | Found the +15 Maxwell's patent armour {-Cast -Tele rElec
                  | Will+ rCorr}
     1 | D        | Found the +18 shield of the Gong {rElec rN+ Will+ EV-5}
     1 | D        | Found the cursed +14 obsidian axe {vorpal, +Fly SInv
                  | *Curse}
     1 | D        | Found the +7 great mace "Firestarter" {inner flame, rF++}
     1 | D        | Found the +6 shillelagh "Devastator" {shatter}
     1 | D        | Found the +11 plutonium sword {*Contam Stlth-}
     1 | D        | Found the +8 lance "Wyrmbane" {slay drac, rPois rF+ rC+
                  | AC+3}
     1 | D        | Found the +9 sword of Zonguldrok {reap}
     1 | D        | Found the cursed +13 scythe of Curses {drain, *Curse}
     1 | D        | Found the +0 sword of Power
     1 | D        | Found the +7 mace of Variability {chain chaos}
     1 | D        | Found the +7 Singing Sword {vorpal, sonic wave}
     1 | D        | Found the +8 storm bow {elec, penet}
     2 | D        | Found a transporter.
     2 | D        | Found an ancient bone altar of Kikubaaqudgha.
     2 | D        | Found a viscous altar of Jiyva.
     2 | D        | Found a corrupted altar of Lugonu.
     2 | D        | Found a hazy altar of Hepliaklqana.
     2 | D        | Found a burning altar of Makhleb.
     2 | D        | Found an opulent altar of Gozag.
    89 | D        | Became a worshipper of Makhleb the Destroyer
    96 | D        | Reached skill level 3 in Long Blades
    96 | D        | Reached skill level 5 in Shields
    96 | D        | Reached XP level 2. HP: 30/30 MP: 2/2
   101 | D        | Entered arena 2.
   101 | D        | Found a transporter.
   112 | D        | Entered arena 3.
   112 | D        | Noticed a merfolk
   112 | D        | Noticed a merfolk
   112 | D        | Noticed a merfolk
   112 | D        | Found a transporter.
   113 | D        | Identified the +1 great sword of Pain and Death {freeze,
                  | +Fly rF++}
   120 | D        | Killed a merfolk
   120 | D        | Reached * piety under Makhleb
   121 | D        | Reached skill level 6 in Long Blades
   121 | D        | Reached skill level 5 in Armour
   121 | D        | Reached XP level 3. HP: 27/38 MP: 3/3
   121 | D        | Reached XP level 4. HP: 32/45 MP: 4/4
   121 | D        | Reached XP level 5. HP: 37/51 MP: 5/5
   123 | D        | Killed a merfolk
   124 | D        | Reached skill level 5 in Fighting
   124 | D        | Reached skill level 7 in Long Blades
   124 | D        | Reached skill level 5 in Dodging
   124 | D        | Reached skill level 5 in Evocations
   124 | D        | Reached XP level 6. HP: 44/61 MP: 6/6
   125 | D        | Killed a merfolk
   126 | D        | Reached skill level 8 in Long Blades
   126 | D        | Reached XP level 7. HP: 49/68 MP: 7/7
   135 | D        | Entered arena 4.
   135 | D        | Noticed a red ugly thing
   135 | D        | Found a transporter.
   137 | D        | Reached ** piety under Makhleb
   140 | D        | Killed a red ugly thing
   141 | D        | Reached skill level 9 in Long Blades
   141 | D        | Reached skill level 10 in Shields
   141 | D        | Reached XP level 8. HP: 64/78 MP: 8/8
   151 | D        | Entered arena 5.
   151 | D        | Found a transporter.
   154 | D        | Reached *** piety under Makhleb
   156 | D        | Reached **** piety under Makhleb
   161 | D        | Entered arena 6.
   161 | D        | Found a transporter.
   164 | D        | Reached skill level 10 in Long Blades
   164 | D        | Reached ***** piety under Makhleb
   171 | D        | Entered arena 7.
   171 | D        | Noticed a polar bear
   171 | D        | Noticed a blink frog
   172 | D        | Found a transporter.
   175 | D        | Gained mutation: You passively map the area around you.
                  | [Deep Dwarf growth]
   175 | D        | Reached XP level 9. HP: 86/86 MP: 9/9
   176 | D        | Killed a polar bear
   183 | D        | Reached skill level 11 in Long Blades
   187 | D        | Entered arena 8.
   187 | D        | Noticed a deep elf archer
   187 | D        | Noticed a deep elf elementalist
   187 | D        | Noticed a deep elf mage
   187 | D        | Noticed a deep elf archer
   188 | D        | Found a transporter.
   194 | D        | Killed a deep elf archer
   194 | D        | Killed a deep elf mage
   194 | D        | Reached ****** piety under Makhleb
   195 | D        | Reached skill level 10 in Evocations
   197 | D        | Killed a deep elf elementalist
   198 | D        | Reached skill level 12 in Long Blades
   198 | D        | Reached skill level 10 in Armour
   198 | D        | Reached XP level 10. HP: 98/98 MP: 10/10
   205 | D        | Killed a deep elf archer
   213 | D        | Entered arena 9.
   213 | D        | Noticed a cyclops
   213 | D        | Noticed a cyclops
   213 | D        | Noticed a cyclops
   213 | D        | Noticed a cyclops
   214 | D        | Found a transporter.
   222 | D        | Killed a cyclops
   222 | D        | Killed a cyclops
   223 | D        | Reached skill level 10 in Dodging
   223 | D        | Killed a cyclops
   224 | D        | Killed a cyclops
   225 | D        | Reached skill level 13 in Long Blades
   230 | D        | Entered arena 10.
   230 | D        | Noticed a cane toad
   230 | D        | Noticed a cane toad
   231 | D        | Found a transporter.
   234 | D        | Killed a cane toad
   238 | D        | Reached XP level 11. HP: 106/106 MP: 11/11
   245 | D        | Entered arena 11.
   247 | D        | Found a transporter.
   249 | D        | Reached skill level 15 in Shields
   337 | D        | Entered arena 12.
   337 | D        | Noticed a vault guard
   337 | D        | Noticed a vault guard
   337 | D        | Noticed a yaktaur captain
   337 | D        | Noticed a vault guard
   337 | D        | Noticed a vault guard
   337 | D        | Noticed a vault guard
   338 | D        | Found the +3 warlock's mirror {reflect}
   338 | D        | Noticed a vault guard
   338 | D        | Noticed a vault guard
   339 | D        | Found a transporter.
   344 | D        | Killed a vault guard
   345 | D        | Reached skill level 14 in Long Blades
   351 | D        | Killed a vault guard
   352 | D        | Reached skill level 10 in Fighting
   352 | D        | Killed a vault guard
   356 | D        | Killed a vault guard
   357 | D        | Killed a vault guard
   358 | D        | Reached skill level 15 in Long Blades
   358 | D        | Killed a vault guard
   361 | D        | Killed a yaktaur captain
   362 | D        | Killed a vault guard
   363 | D        | Reached XP level 12. HP: 118/118 MP: 12/12
   369 | D        | Entered arena 13.
   369 | D        | Noticed a stone giant
   369 | D        | Noticed a stone giant
   369 | D        | Noticed a shadow dragon
   369 | D        | Noticed a vault guard
   369 | D        | Noticed a vault guard
   369 | D        | Noticed a vault guard
   369 | D        | Noticed a vault guard
   369 | D        | Noticed a vault guard
   370 | D        | Identified the amulet of Descent {RegenMP SInv}
   370 | D        | Noticed a vault guard
   370 | D        | Noticed a vault guard
   370 | D        | Noticed a vault guard
   371 | D        | Found a transporter.
   375 | D        | Killed a vault guard
   375 | D        | Killed a stone giant
   377 | D        | Killed a stone giant
   378 | D        | Reached skill level 16 in Long Blades
   378 | D        | Killed a vault guard
   378 | D        | Killed a vault guard
   378 | D        | Killed a vault guard
   378 | D        | Killed a vault guard
   379 | D        | Reached skill level 15 in Evocations
   381 | D        | Killed a vault guard
   381 | D        | Killed a vault guard
   384 | D        | Killed a vault guard
   385 | D        | Reached skill level 17 in Long Blades
   388 | D        | Killed a shadow dragon
   396 | D        | Entered arena 14.
   398 | D        | Noticed a blizzard demon
   398 | D        | Noticed an ice dragon
   398 | D        | Noticed a frost giant
   399 | D        | Found a transporter.
   401 | D        | Killed a blizzard demon
   404 | D        | Reached XP level 13. HP: 128/130 MP: 13/13
   411 | D        | Killed a frost giant
   418 | D        | Entered arena 15.
   419 | D        | Noticed an orc warlord
   419 | D        | Noticed an ettin
   421 | D        | Found a transporter.
   424 | D        | Reached skill level 18 in Long Blades
   430 | D        | Killed an ettin
   434 | D        | Reached skill level 15 in Armour
   437 | D        | Killed an orc warlord
   446 | D        | Entered arena 16.
   448 | D        | Identified the +5 long sword "Syifuvvu" {vamp, rF- rN+
                  | Will+++ Int-4}
   449 | D        | Found a transporter.
   462 | D        | Reached skill level 15 in Dodging
   473 | D        | Mangled by an elephant

Illustrated notes

Levels and vault maps discovered:
D:        sprint_v [room_start, room_1, room_2, room_3, room_4, room_5, room_6,
          room_7, room_8, room_9, room_10, room_11, room_12, room_13, room_14,
          room_15, room_16, room_17, room_18, room_19, room_20, room_21,
          room_22, room_23, room_24, room_25, room_26, room_27]

Skill      XL: |  1  2  3  4  5  6  7  8  9 10 11 12 13 |
---------------+----------------------------------------+-----
Fighting       | 3 4 5 6 7 8 9 10 12 13 | 13.1
Long Blades    | 3 6 7 8 9 10 12 13 15 17 18 | 18.7
Armour         | 4 5 6 7 8 10 11 12 14 15 | 15.3
Dodging        | 2 4 5 6 7 9 10 12 14 15 | 15.0
Shields        | 5 7 9 10 11 13 14 15 | 15.0
Evocations     | 4 5 6 7 8 10 11 14 16 17 | 17.1
Axes           | |  2.1

Action                   |  1- 3 |  4- 6 |  7- 9 | 10-12 | 13-15 || total
-------------------------+-------+-------+-------+-------+-------++-------
Melee: Double sword      |     9 |     4 |    31 |    72 |    27 ||   143
 Abil: Heal Wounds       |       |       |       |     1 |       ||     1
  Use: Potion            |     5 |       |       |       |     1 ||     6
 Stab: Invisible         |       |       |     2 |       |       ||     2
Armor: Plate armour      |     1 |     1 |     6 |    25 |   105 ||   138
Dodge: Dodged            |       |       |     3 |    18 |    18 ||    39
Block: Kite shield       |     6 |     3 |    28 |   142 |    39 ||   218
       Rpst.: Double sword |       |       |     1 |     4 |       ||     5

Table legend: (Time is in decaauts)
 A = Elapsed time spent in this place.
 B = Non-inter-level travel time spent in this place.
 C = Inter-level travel time spent in this place.
 D = Time resting spent in this place.
 E = Time spent auto-exploring this place.
 F = Levels seen in this place.
 G = Mean time per level.
                   A        B        C        D        E       F      G
               +--------+--------+--------+--------+--------+-----+--------+
         Total |    433 |    433 |      0 |     70 |     21 |   1 |  433.0 |
       Dungeon |    433 |    433 |      0 |     70 |     21 |   1 |  433.0 |
               +--------+--------+--------+--------+--------+-----+--------+

Top non-repeatable levels by time:
       D: 433 daAuts
